 Dungeon Crawl Stone Soup version 0.27.1-4-g1640c2035a (webtiles) character file.

Game seed: 3481332167190192609

24648 karkarkar the Grappler (level 12, -1/119 HPs)
             Began as a Troll Fighter on Nov 8, 2021.
             Was an Elder of Qazlal.
             Slain by a seven-headed hydra (8 damage)
             ... on level 2 of the Lair of Beasts on Nov 9, 2021.
             The game lasted 01:02:51 (12068 turns).

karkarkar the Grappler (Troll Fighter)             Turns: 12068, Time: 01:02:51

Health: -1/119     AC: 11    Str: 30    XL:     12   Next: 82%
Magic:  14/14      EV: 18    Int: 11    God:    Qazlal [****..]
Gold:   2229       SH: 16    Dex:  9    Spells: 11/11 levels left

rFire    . . .     SeeInvis .   a - +2 scimitar (flame)
rCold    . . .     Faith    +   b - +0 kite shield
rNeg     . . .     Spirit   .   u - +0 swamp dragon scales
rPois    +         Reflect  .   (helmet restricted)
rElec    .         Harm     .   h - +1 cloak
rCorr    .         Rampage  .   (gloves unavailable)
Will     .....                  (boots unavailable)
Stlth    ..........             i - amulet of faith
HPRegen  1.29/turn              M - +4 ring of evasion
MPRegen  0.14/turn              q - ring "Fuiseoni" {Drain EV+4 Int+6}

@: hasted, repel missiles, very quick
A: large, unfitting armour, claws 3, regeneration 1, shaggy fur 1, tough skin 1
a: Renounce Religion, Upheaval, Elemental Force


You were on level 2 of the Lair of Beasts.
You worshipped Qazlal.
Qazlal was greatly pleased with you.
You visited 3 branches of the dungeon, and saw 16 of its levels.

You collected 2365 gold pieces.
You spent 136 gold pieces at shops.

Inventory:

Hand Weapons
 a - a +2 scimitar of flaming (weapon)
Missiles
 d - 16 poisoned darts
 p - 15 boomerangs (quivered)
 x - a throwing net
 G - a curare-tipped dart
Armour
 b - a +0 kite shield (worn)
 h - a +1 cloak (worn)
 u - +0 swamp dragon scales (worn)
 v - the +1 robe of Lethargy {rN++}
   (You bought it in a shop on level 7 of the Dungeon)

   rN:        It greatly protects you from negative energy.
 E - a +1 robe of fire resistance
Jewellery
 e - a +6 ring of dexterity
 i - an amulet of faith (around neck)
 q - the ring "Fuiseoni" (right claw) {Drain EV+4 Int+6}
   (You acquired it on level 8 of the Dungeon)

   [ring of evasion]

   EV:        It affects your evasion (+4).
   Int:       It affects your intelligence (+6).
   Drain:     It drains your maximum health when unequipped.
 F - a ring of protection from fire
 K - an amulet of the acrobat
 M - a +4 ring of evasion (left claw)
Wands
 k - a wand of mindburst (8)
 m - a wand of flame (43)
 n - a wand of digging (10)
 o - a wand of polymorph (15)
 y - a wand of charming (14)
 H - a wand of iceblast (19)
Scrolls
 f - a scroll of enchant weapon
 j - 6 scrolls of enchant armour
 l - 4 scrolls of teleportation
 r - a scroll of noise
 s - 2 scrolls of immolation
 t - a scroll of amnesia
 B - a scroll of torment
 D - a scroll of blinking
 I - a scroll of fear
 L - a scroll of fog
 N - a scroll of identify
Potions
 c - 3 potions of might
 g - 2 potions of flight
 w - 4 potions of curing
 z - 2 potions of heal wounds
 A - 3 potions of attraction
 C - 3 potions of cancellation
 J - a potion of haste


   Skills:
 + Level 7.8 Fighting
 - Level 0.7 Long Blades
 - Level 5.2 Throwing
 - Level 1.7 Armour
 + Level 6.5 Dodging
 - Level 0.1 Stealth
 - Level 9.0 Shields
 + Level 12.5 Unarmed Combat
 * Level 5.3 Invocations
 - Level 2.8 Evocations


You had 11 spell levels left.
You didn't know any spells.
Your spell library contained the following spells:

 Spells                   Type           Power      Damage    Failure   Level
 Animate Skeleton         Necr           0%         N/A       45%         1
 Apportation              Tloc           0%         N/A       45%         1
 Corona                   Hex            0%         N/A       45%         1
 Summon Small Mammal      Summ           0%         N/A       45%         1
 Corpse Rot               Necr/Air       N/A        N/A       58%         2
 Poisonous Vapours        Pois/Air       0%         N/A       58%         2
 Dazzling Flash           Conj/Hex       0%         N/A       83%         3
 Inner Flame              Hex/Fire       0%         N/A       83%         3
 Portal Projectile        Hex/Tloc       0%         N/A       83%         3
 Cause Fear               Hex            0%         N/A       99%         4
 Dispel Undead            Necr           0%         3d6       99%         4
 Fulminant Prism          Conj/Hex       0%         3d6       99%         4
 Iskenderun's Mystic Bla  Conj/Tloc      0%         2d3       99%         4
 Olgreb's Toxic Radiance  Pois           0%         N/A       99%         4
 Summon Ice Beast         Ice/Summ       0%         N/A       99%         4
 Blade Hands              Tmut           0%         N/A       100%        5
 Excruciating Wounds      Necr           0%         N/A       100%        5
 Freezing Cloud           Conj/Ice/Air   0%         6-21      100%        5
 Lee's Rapid Deconstruct  Erth           0%         3d5*      100%        5
 Summon Mana Viper        Hex/Summ       0%         N/A       100%        5
 Death Channel            Necr           0%         N/A       100%        6
 Starburst                Conj/Fire      0%         6d3       100%        6
 Dragon Form              Tmut           0%         N/A       100%        7
 Monstrous Menagerie      Summ           0%         N/A       100%        7
 Ozocubu's Refrigeration  Ice            0%         4d5       100%        7
 Discord                  Hex            0%         N/A       100%        8
 Ignition                 Fire           0%         3d3       100%        8
 Dragon's Call            Summ           0%         N/A       100%        9


Dungeon Overview and Level Annotations

Branches:
Dungeon (12/15)            Temple (1/1) D:5            Lair (3/6) D:10
  Swamp (0/4) Lair:3       Spider (0/4) Lair:2          Orc (0/2) D:12

Altars:
Ashenzari
Cheibriados
Dithmenos
Elyvilon
Fedhas
Gozag
Hepliaklqana
Kikubaaqudgha
Makhleb
Nemelex Xobeh
Okawaru
Qazlal
Ru
Sif Muna
Trog
Uskayaw
Vehumet
Wu Jian
Xom
Yredelemnul
Zin
The Shining One

Shops:
D:6 =   D:7 [   D:12 :

Annotations:
Lair:1 2 transporters, Icepheonix32's ghost, novice DsTm


Innate Abilities, Weirdness & Mutations

You are too large for most types of armour.
You have claws for hands.
Your natural rate of healing is unusually fast.
You are covered in fur. (AC +1)
You have tough skin. (AC +1)


Message History

The seven-headed hydra bites you but does no damage. x2
The seven-headed hydra bites you.
The seven-headed hydra closely misses you.
You riposte.
You hit the seven-headed hydra. You burn the seven-headed hydra.
The seven-headed hydra is lightly wounded.
The seven-headed hydra bites you.
* * * LOW HITPOINT WARNING * * *
You block the seven-headed hydra's attack.
The seven-headed hydra barely misses you.
The seven-headed hydra bites you but does no damage.
You block the seven-headed hydra's attack.
The seven-headed hydra barely misses you.
You climb upwards.
There is a stone staircase leading down here.
Okay, then.
Unknown command.
You feel yourself speed up.
The seven-headed hydra bites you but does no damage.
The seven-headed hydra closely misses you.
You block the seven-headed hydra's attack.
The seven-headed hydra bites you but does no damage.
The seven-headed hydra misses you. The seven-headed hydra bites you.
* * * LOW HITPOINT WARNING * * *
The seven-headed hydra barely misses you.
The seven-headed hydra bites you!
* * * LOW HITPOINT WARNING * * *
The seven-headed hydra bites you.
* * * LOW HITPOINT WARNING * * *
The seven-headed hydra bites you!
* * * LOW HITPOINT WARNING * * *
The seven-headed hydra bites you.
* * * LOW HITPOINT WARNING * * *
The seven-headed hydra barely misses you.
The seven-headed hydra bites you!
* * * LOW HITPOINT WARNING * * *
The seven-headed hydra barely misses you.
You block the seven-headed hydra's attack. x3
The seven-headed hydra completely misses you.
The seven-headed hydra bites you!
You die...

#.#...............P
###..............P#
####...............##
#.................##
##...§.............##
#.#..>○...#....######
###.§§....##.######..
#..D°..#.### #.....
#.@.....#######....
#...........# #....
##..........## #....
#.☼..........# #....
#............###....
##.....<.......##....
#..............##....
##............####...
#..............# #...


You could see a seven-headed hydra.

Vanquished Creatures
  A boulder beetle (D:10)
  Erolcha (D:8)
  A hydra (D:12)
  Harold (D:8)
  2 two-headed ogres
  A fire crab (shapeshifter) (D:12)
  Nergalle (D:11)
  A wizard (D:10)
  The ghost of ZappyNine the Transmogrifier, a novice TrTm of Ashenzari (D:6)
  Pikel (D:7)
  An orc knight (D:10)
  2 ugly things
  An oklob plant (Lair:1)
  2 centaur zombies (D:10)
  A gargoyle (D:12)
  An unseen horror (D:12)
  Maggie (D:7)
  7 cane toads
  A rime drake (Lair:2)
  5 komodo dragons
  3 trolls (D:12)
  Grinder (D:4)
  A polar bear (Lair:1)
  A meliai zombie (D:11)
  7 slime creatures (D:12)
  A vampire (D:12)
  13 yaks
  2 shadows
  A wraith (D:12)
  2 wyverns
  A vampire mosquito (D:12)
  A warg (D:12)
  Edmund (D:4)
  An acid dragon (D:12)
  6 water moccasins
  Duvessa (D:4)
  13 orc warriors
  2 black bears
  A hornet zombie (D:9)
  A sky beast (D:6)
  2 necrophages (D:7)
  An ogre (D:7)
  4 centaurs
  A phantom (D:7)
  A lemure (D:7)
  5 bullfrogs
  2 gnoll sergeants
  3 scorpions
  Dowan (D:4)
  2 water moccasin zombies
  A water moccasin skeleton (D:5)
  12 killer bees
  9 wights (D:8)
  2 electric eels (D:11)
  3 howler monkeys
  A hound (D:4)
  3 jellies
  5 orc priests
  A centaur skeleton (D:7)
  Crazy Yiuf (D:2)
  A bullfrog skeleton (D:6)
  Natasha (thrice) (D:4)
  2 iguanas
  11 orc wizards
  A killer bee zombie (D:7)
  A hound skeleton (D:4)
  A howler monkey zombie (D:5)
  11 adders
  8 gnolls
  2 adder skeletons (D:4)
  3 worms
  A dart slug (D:5)
  56 orcs
  4 ball pythons
  2 bats
  4 endoplasms
  3 giant cockroaches
  2 goblins (D:4)
  13 hobgoblins
  7 kobolds
  8 quokkas
  A frilled lizard (D:2)
  2 rats
  A spectral orc (D:4)
301 creatures vanquished.

Vanquished Creatures (collateral kills)
  An unseen horror (D:12)
1 creature vanquished.

Vanquished Creatures (others)
  2 fungi (Lair:2)
  18 plants
20 creatures vanquished.

Grand Total: 322 creatures vanquished

Notes
Turn   | Place    | Note
-------+----------+-------------------------------------------
     0 | D:1      | karkarkar the Troll Fighter began the quest for the Orb.
     0 | D:1      | Reached XP level 1. HP: 22/22 MP: 0/0
   261 | D:1      | Reached XP level 2. HP: 29/29 MP: 1/1
   627 | D:2      | Found a blossoming altar of Fedhas.
   703 | D:2      | Reached XP level 3. HP: 36/36 MP: 2/2
   754 | D:2      | Found a faded altar of an unknown god.
   930 | D:2      | Found a runed translucent door.
   931 | D:2      | Noticed Crazy Yiuf
  1063 | D:3      | Found a white marble altar of Elyvilon.
  1220 | D:3      | Reached XP level 4. HP: 45/45 MP: 3/3
  1504 | D:3      | Reached skill level 3 in Unarmed Combat
  1668 | D:4      | Reached skill level 1 in Throwing
  1678 | D:4      | Noticed Natasha
  1686 | D:4      | Killed Natasha
  1687 | D:4      | Reached XP level 5. HP: 53/53 MP: 4/4
  1712 | D:4      | Noticed Grinder
  1718 | D:4      | Noticed Duvessa
  1718 | D:4      | Noticed Dowan
  1746 | D:4      | Killed Duvessa
  1747 | D:4      | Noticed Natasha
  1752 | D:4      | Killed Dowan
  1753 | D:4      | Reached XP level 6. HP: 40/61 MP: 5/5
  1756 | D:4      | Killed Natasha
  1813 | D:4      | Noticed Edmund
  1832 | D:4      | Killed Edmund
  1833 | D:4      | Reached skill level 4 in Unarmed Combat
  2125 | D:4      | Reached XP level 7. HP: 67/67 MP: 6/6
  2229 | D:4      | Paralysed by Grinder for 7 turns
  2237 | D:4      | Killed Grinder
  2287 | D:4      | Reached skill level 5 in Unarmed Combat
  2446 | D:4      | Noticed Natasha
  2459 | D:4      | Killed Natasha
  2503 | D:4      | Found a basalt altar of Yredelemnul.
  2739 | D:5      | Entered Level 5 of the Dungeon
  2842 | D:5      | Reached XP level 8. HP: 78/78 MP: 7/7
  2911 | D:5      | Found a staircase to the Ecumenical Temple.
  2925 | Temple   | Entered the Ecumenical Temple
  3130 | Temple   | Became a worshipper of Qazlal Stormbringer
  3650 | D:6      | Reached skill level 6 in Unarmed Combat
  3825 | D:6      | Found Goocowk's Jewellery Boutique.
  3997 | D:6      | Reached skill level 7 in Unarmed Combat
  4088 | D:6      | Found a glowing silver altar of Zin.
  4129 | D:6      | Noticed ZappyNine's ghost (novice TrTm)
  4176 | D:6      | Found a runed translucent door.
  4593 | D:7      | Found Emucruot's Antique Armour Shoppe.
  4608 | D:7      | Reached XP level 9. HP: 85/85 MP: 8/8
  4638 | D:7      | Bought a heavily jewelled robe for 136 gold pieces
  4638 | D:7      | Identified the +1 robe of Lethargy {rN++} (You bought it in
                  | a shop on level 7 of the Dungeon)
  4685 | D:7      | Reached * piety under Qazlal
  4857 | D:7      | Noticed Maggie
  4857 | D:7      | Noticed Pikel
  4881 | D:7      | Killed Maggie
  4882 | D:7      | Reached skill level 5 in Shields
  4887 | D:7      | Killed Pikel
  4888 | D:7      | Reached skill level 5 in Fighting
  4888 | D:7      | Reached skill level 5 in Dodging
  4888 | D:7      | Reached skill level 8 in Unarmed Combat
  5184 | D:8      | Noticed Harold
  5190 | D:8      | Killed Harold
  5191 | D:8      | Reached skill level 1 in Armour
  5191 | D:8      | Reached skill level 9 in Unarmed Combat
  5191 | D:8      | Reached XP level 10. HP: 96/96 MP: 9/9
  5300 | D:8      | Found a hazy altar of Hepliaklqana.
  5595 | D:8      | Reached ** piety under Qazlal
  5631 | D:8      | Identified a scroll of acquirement
  5632 | D:8      | Acquired the ring "Fuiseoni" {Drain EV+4 Int+6}
  5800 | D:8      | Found a sparkling altar of Nemelex Xobeh.
  5845 | D:8      | Reached skill level 5 in Throwing
  6017 | D:8      | Noticed a two-headed ogre
  6028 | D:8      | Killed a two-headed ogre
  6130 | D:8      | Reached skill level 1 in Invocations
  6234 | D:9      | Noticed Erolcha
  6252 | D:8      | Reached skill level 10 in Unarmed Combat
  6288 | D:8      | Killed Erolcha
  6389 | D:9      | Found an iron altar of Okawaru.
  6389 | D:9      | Found an ancient bone altar of Kikubaaqudgha.
  6407 | D:9      | Found a burning altar of Makhleb.
  6665 | D:10     | Entered Level 10 of the Dungeon
  6856 | D:10     | Reached XP level 11. HP: 107/107 MP: 11/11
  6894 | D:10     | Noticed a wizard
  6921 | D:10     | Killed a wizard
  6952 | D:10     | Reached *** piety under Qazlal
  7031 | D:10     | Noticed a boulder beetle
  7040 | D:10     | Killed a boulder beetle
  7166 | D:10     | Found a staircase to the Lair.
  7310 | D:10     | Noticed an orc knight
  7325 | D:10     | Killed an orc knight
  7326 | D:10     | Reached skill level 11 in Unarmed Combat
  7952 | D:11     | Noticed Nergalle
  7971 | D:11     | Killed Nergalle
  8267 | D:12     | Noticed a two-headed ogre
  8287 | D:12     | Killed a two-headed ogre
  8587 | D:12     | Noticed a five-headed hydra
  8590 | D:12     | Noticed a green ugly thing
  8593 | D:12     | Noticed a vampire knight
  8613 | D:12     | Found Faygeno's Book Shoppe.
  8635 | D:12     | Noticed a seven-headed hydra
  8640 | D:12     | Noticed a red ugly thing
  8731 | D:11     | Killed a red ugly thing
  8767 | D:11     | Acquired 1152 gold pieces
  8781 | D:12     | Killed a four-headed hydra
  8782 | D:12     | Reached XP level 12. HP: 47/118 MP: 14/14
  9016 | D:12     | Found a staircase to the Orcish Mines.
  9036 | D:12     | Reached **** piety under Qazlal
  9157 | D:12     | Found an opulent altar of Gozag.
  9216 | D:12     | Reached skill level 12 in Unarmed Combat
  9365 | D:12     | Reached skill level 5 in Invocations
 10035 | D:2      | Killed Crazy Yiuf
 10153 | D:6      | Killed ZappyNine's ghost
 10302 | Lair:1   | Entered Level 1 of the Lair of Beasts
 10846 | Lair:1   | Found a transporter.
 10847 | Lair:1   | Found a transporter.
 10860 | Lair:1   | Noticed Icepheonix32's ghost (novice DsTm)
 10874 | Lair:1   | Found a bloodstained altar of Trog.
 11267 | Lair:2   | Reached skill level 1 in Evocations
 11345 | Lair:2   | Found a hole to the Spider Nest.
 12048 | Lair:3   | Found a staircase to the Swamp.
 12049 | Lair:3   | Noticed an eight-headed hydra
 12066 | Lair:2   | HP: 5/119 [seven-headed hydra (9)]
 12068 | Lair:2   | Slain by a seven-headed hydra

Illustrated notes

Levels and vault maps discovered:
D:1:      scummos_arrival_checkerplants, layout_loops_cross,
          grunt_decor_arrowhead
D:2:      layout_rooms, basic_altar, ebering_ecumenical_altar_box,
          uniq_crazy_yiuf_cottage
D:3:      layout_rooms, elyvilon_altar_1, chequers_serial_rivers_micro_c
D:4:      minmay_recursive_quarters, layout_loops_ring,
          yredelemnul_forgotten_temple_becter, lightli_minifort, uniq_duvessa,
          uniq_edmund, uniq_natasha, uniq_grinder
D:5:      layout_basic, temple_pool_b
D:6:      layout_loops_ring, nicolae_overflow_hidden_temple,
          hellmonk_ghost_happy_afterlife, serial_shops,
          nicolae_shop_behind_doors
D:7:      layout_basic, serial_shops, nicolae_diamond_shop,
          ebering_dispersal_statue_hall, kennysheep_windowed_goal, uniq_pikel,
          uniq_maggie
D:8:      layout_loops_ring, mainiacjoe_overflow_24_doors,
          general_overflow_altar, uniq_harold
D:9:      layout_rooms, gammafunk_temple_overflow_forgotten, uniq_erolcha
D:10:     cheibrodos_orc_bank, layout_rooms, david_lair_shrubbed,
          kennysheep_generic_room_16
D:11:     layout_roguey, minmay_misc_feat_diagonals, minivault_14, uniq_nergalle
D:12:     wad_statue_garden, layout_irregular_city, david_orc_1_choice,
          serial_shops, shop, grunt_gozag_statues
Temple:   eino_temple_water
Lair:1:   layout_roguey, gammafunk_ghost_wrathful_warriors,
          dpeg_stationary_puzzle, lemuel_fruit_fields, grunt_megastairs_5,
          serial_bayou_shore_b
Lair:2:   layout_cave_pods, spider_nest_entry_a
Lair:3:   layout_long_grid, swamp_mist, ice2_lemuel

Skill      XL: |  1  2  3  4  5  6  7  8  9 10 11 12 |
---------------+-------------------------------------+-----
Fighting       | 3 4 5 6 7 |  7.8
Unarmed Combat | 3 4 5 7 9 10 11 12 | 12.5
Throwing       | 1 2 3 4 5 |  5.2
Shields        | 3 4 5 6 7 9 |  9.0
Dodging        | 3 4 5 6 |  6.5
Armour         | 1 |  1.7
Invocations    | 2 4 5 |  5.3
Evocations     | 2 |  2.8
Long Blades    | |  0.7
Stealth        | |  0.1

Action                   |  1- 3 |  4- 6 |  7- 9 | 10-12 || total
-------------------------+-------+-------+-------+-------++-------
Melee: Unarmed           |    92 |    84 |   218 |   568 ||   962
       Scimitar          |       |       |       |    16 ||    16
Throw: Dart              |    14 |    22 |    43 |    31 ||   110
       Boomerang         |       |       |    21 |    97 ||   118
       Throwing net      |       |       |       |     4 ||     4
Invok: Upheaval          |       |       |       |     6 ||     6
       Elemental Force   |       |       |       |     2 ||     2
Evoke: Wand              |       |       |     3 |     4 ||     7
  Use: Scroll            |     3 |     1 |     5 |    16 ||    25
       Potion            |       |     2 |     2 |     3 ||     7
 Stab: Distracted        |       |       |     2 |       ||     2
Armor: Robe              |    18 |    29 |    50 |       ||    97
       Swamp dragon scal |       |       |    22 |   133 ||   155
Dodge: Dodged            |    28 |    19 |    69 |   243 ||   359
Block: Kite shield       |    34 |    43 |    91 |   376 ||   544
       Rpst.: Scimitar   |       |       |       |     3 ||     3
